 Dungeon Crawl Stone Soup version 0.31-a0-810-ga77100ea1a (webtiles) character file.

Game seed: 14760226219440995359

64 dynsetu the Vexing (level 3, -4/21 HPs)
             Began as a Deep Elf Hexslinger on Sept 22, 2023.
             Slain by Sigmund
             ... wielding a +0 scythe
              (8 damage)
             ... on level 2 of the Dungeon.
             The game lasted 00:04:49 (1535 turns).

dynsetu the Vexing (Deep Elf Hexslinger)            Turns: 1535, Time: 00:04:50

Health: -4/21      AC:  2    Str:  5    XL:     3   Next: 91%
Magic:  5/7        EV: 13    Int: 19    God:
Gold:   149        SH:  0    Dex: 17    Spells: 3/5 levels left

rFire   . . .        a - +1 sling
rCold   . . .        (no shield)
rNeg    . . .        c - +0 robe
rPois   .            (no helmet)
rElec   .            h - scarf {repulsion}
rCorr   .            (no gloves)
SInv    .            (no boots)
Will    .....        (no amulet)
Stlth   ++           (no ring)
HPRegen 0.23/turn    (no ring)
MPRegen 0.10/turn

%: repel missiles
@: weak-willed
A: no striking features
a: no special abilities


You were on level 2 of the Dungeon.
You visited 1 branch of the dungeon, and saw 2 of its levels.

You collected 149 gold pieces.

Inventory:

Hand Weapons
 a - a +1 sling (weapon)
 f - a +1 rapier of venom
Armour
 c - a +0 robe (worn)
 h - a scarf of repulsion (worn)
Jewellery
 j - a +6 ring of strength
Wands
 l - a wand of paralysis (9)
 o - a wand of flame (15)
Scrolls
 b - 2 scrolls of poison
 d - 4 scrolls of identify {unknown}
 k - a scroll of amnesia {unknown}
Potions
 e - 2 potions of might {unknown}
 g - a potion of degeneration {unknown}
 i - a potion of brilliance {unknown}
 m - a potion of heal wounds {unknown}
 n - a potion of curing {unknown}


   Skills:
 + Level 1.8 Fighting
 + Level 4.1 Ranged Weapons
 + Level 2.7 Dodging
 + Level 0.6 Stealth
 + Level 1.9 Spellcasting
 + Level 4.3 Hexes
 + Level 1.1 Fire Magic


You had 3 spell levels left.
You knew the following spells:

 Your Spells              Type           Power      Damage    Failure   Level
a - Jinxbite              Hex            36%        N/A       4%          2

Your spell library contained the following spells:

 Spells                   Type           Power      Damage    Failure   Level
 Sigil of Binding         Hex            18%        N/A       9%          3
 Inner Flame              Hex/Fire       12%        N/A       17%         3
 Lesser Beckoning         Tloc           2%         N/A       26%         2
 Gell's Gravitas          Tloc           1%         N/A       45%         3
 Teleport Other           Tloc           1%         N/A       45%         3
 Cause Fear               Hex            9%         N/A       28%         4
 Dimensional Bullseye     Hex/Tloc       5%         N/A       56%         4


Dungeon Overview and Level Annotations

Branches:
Dungeon (2/15)

Altars:

Shops:
D:1 *

Annotations:
D:2 Sigmund


Message History

The worm is heavily wounded.
A giggling sprite leaps out and smacks the worm with its own tail.
The worm is severely wounded.
You shoot a sling bullet. The sling bullet hits the worm.
You kill the worm!
The sprites lose interest in your situation.
As you open the door, it creaks loudly!
You feel your willpower return.
There is an open door here.
There is an open door here.
Sigmund and a kobold come into view.
Sigmund shouts!
The kobold shouts!
Sigmund casts a spell.
Sigmund flickers and vanishes!
Deactivating autopickup; reactivate with Ctrl-A.
Casting: Jinxbite (safe; 4% risk of failure)
Confirm with . or Enter, or press ? or * to list all spells.
You beckon some vexing sprites to accompany your attacks.
You feel your willpower being sapped.
Fire: a) +1 sling
Press: ? - help, Q - select action, (/) - cycle Shift-Dir - straight line You shoot a sling bullet.
The sling bullet hits the kobold.
The kobold is moderately wounded.
A giggling sprite leaps out and bonks the kobold with its +0 whip.
You kill the kobold!
Fire: a) +1 sling
Press: ? - help, Q - select action, (/) - cycle Shift-Dir - straight line You shoot a sling bullet.
Something hits you.
Fire: a) +1 sling
Press: ? - help, Q - select action, (/) - cycle Shift-Dir - straight line You shoot a sling bullet.
The jinxing sprites lose interest in you.
The sprites lose interest in your situation.
A magic dart appears from out of thin air!
The magic dart hits you!
Ouch! That really hurt!
* * * LOW HITPOINT WARNING * * *
Something hits you!
You die...

.......# ######.# # #.# # #.#
#.##### ######.# #..)..#
.......#########.#
...............#.# ###########
##############.#.# #.........#
........#....#.#@######.........#
..#.....#.##.#.#....#.'.........#
.............#'####.#.#.........#
#...###.#...........#.#.........#
#...............#####.#)....(...#
#.#.....#.......'.....#.........#
#.#............>#######.........#
#.#.............#.......#########
#.########......#>###########


There were no monsters in sight!

Vanquished Creatures
  2 adders (D:2)
  2 worms (D:2)
  7 endoplasms
  A giant cockroach (D:1)
  5 goblins
  A hobgoblin (D:2)
  6 kobolds
  A quokka (D:1)
  6 ball pythons
  3 bats
  2 frilled lizards (D:1)
  3 rats
39 creatures vanquished.

Notes
Turn   | Place    | Note
-------+----------+-------------------------------------------
     0 | D:1      | dynsetu the Deep Elf Hexslinger began the quest for the
                  | Orb.
     0 | D:1      | Reached XP level 1. HP: 11/11 MP: 5/5
   161 | D:1      | Found Huzi's Assorted Antiques.
   182 | D:1      | Reached XP level 2. HP: 16/16 MP: 6/6
   281 | D:1      | Learned a level 2 spell: Jinxbite
   386 | D:1      | Reached skill level 1 in Fighting
   921 | D:2      | Reached XP level 3. HP: 19/20 MP: 7/7
  1528 | D:2      | Noticed Sigmund
  1535 | D:2      | Slain by Sigmund

Illustrated notes

Levels and vault maps discovered:
D:1:      evilmike_arrival_rings, layout_basic, serial_shops,
          nicolae_shop_temple_entry_statues_fountains,
          chequers_serial_rivers_small_b, hangedman_abyss_or_decor_stabs
D:2:      layout_basic, uniq_sigmund

Skill      XL: |  1  2  3 |
---------------+----------+-----
Ranged Weapons | 3 4 |  4.1
Fighting       | 1 |  1.8
Dodging        | |  2.7
Stealth        | |  0.6
Spellcasting   | |  1.9
Hexes          | |  4.3
Fire Magic     | |  1.1

Action                     || total
---------------------------++-------
   Fire: Sling             ||   123
   Cast: Jinxbite          ||     7
 Armour: Robe              ||    31
  Dodge: Dodged            ||    31

Table legend: (Time is in decaauts)
 A = Elapsed time spent in this place.
 B = Non-inter-level travel time spent in this place.
 C = Inter-level travel time spent in this place.
 D = Time resting spent in this place.
 E = Time spent auto-exploring this place.
 F = Levels seen in this place.
 G = Mean time per level.
                   A        B        C        D        E       F      G
               +--------+--------+--------+--------+--------+-----+--------+
         Total |   1562 |   1552 |     10 |      0 |   1300 |   2 |  781.0 |
       Dungeon |   1562 |   1552 |     10 |      0 |   1300 |   2 |  781.0 |
               +--------+--------+--------+--------+--------+-----+--------+

Top non-repeatable levels by time:
     D:1: 924 daAuts
     D:2: 637 daAuts
